 Dungeon Crawl Stone Soup version 0.26-a0-52-gd53d4cd058 (webtiles) character file.

Game seed: 7487912144338701132

551 vurker the Grave Robber (level 7, -1/51 HPs)
             Began as a Gnoll Necromancer on June 6, 2020.
             Slain by an orc wizard
             ... wielding a +3 dagger of distortion
              (3 damage)
             ... on level 4 of the Dungeon.
             The game lasted 00:08:38 (4778 turns).

vurker the Grave Robber (Gnoll Necromancer)         Turns: 4778, Time: 00:08:39

Health: -1/51      AC:  3    Str: 11    XL:     7   Next: 29%
Magic:  19/24      EV: 10    Int: 19    God:
Gold:   271        SH: 11    Dex: 15    Spells: 9/17 levels left

rFire    . . .     SeeInvis .   f - +1 whip (elec)
rCold    . . .     Gourm    .   q - +0 tower shield
rNeg     . . .     Faith    .   a - +0 robe
rPois    .         Spirit   .   (no helmet)
rElec    .         Reflect  .   (no cloak)
rCorr    .         Harm     .   (no gloves)
MR       .....                  b - +0 pair of boots
Stlth    +++.......             (no amulet)
HPRegen  0.17/turn              h - ring of magical power
MPRegen  0.19/turn              (no ring)

@: mighty, very slightly contaminated, lightly drained
A: distributed training, fangs 1, strong nose
a: no special abilities


You were on level 4 of the Dungeon.
You were not hungry.

You visited 1 branch of the dungeon, and saw 4 of its levels.
You visited the Abyss 1 time.
You also visited: Sewer.

You collected 271 gold pieces.

Inventory:

Hand Weapons
 f - a +1 whip of electrocution (weapon)
   (You took it off a kobold in a sewer)
 g - a +2 mace of draining
   (You found it on level 1 of the Dungeon)
Armour
 a - a +0 robe (worn)
 b - a +0 pair of boots (worn)
   (You found it on level 1 of the Dungeon)
 q - a +0 tower shield (worn)
   (You took it off a hobgoblin on level 3 of the Dungeon)
Jewellery
 h - a ring of magical power (left hand)
   (You found it on level 3 of the Dungeon)
 p - an uncursed ring of ice
   (You found it on level 1 of the Dungeon)
Wands
 x - a wand of acid (8)
   (You found it on level 2 of the Abyss)
Scrolls
 d - 2 scrolls of enchant weapon
 j - a scroll of magic mapping {unknown}
 k - 2 scrolls of blinking
 n - 2 scrolls of teleportation
 o - 6 scrolls of identify
 r - 2 scrolls of fear
 t - a scroll of remove curse
 u - a scroll of fog
Potions
 c - 3 potions of might
 i - 2 potions of curing
 l - 2 potions of flight {unknown}
 m - a potion of brilliance {unknown}
 s - a potion of heal wounds {unknown}
 w - a potion of berserk rage {unknown}
Comestibles
 e - 10 rations


   Skills:
 + Level 2.3(1.9) Fighting
 + Level 2.3(1.9) Short Blades
 + Level 2.3(1.9) Long Blades
 + Level 2.3(1.9) Axes
 + Level 2.3(1.9) Maces & Flails
 + Level 2.3(1.9) Polearms
 + Level 2.3(1.9) Staves
 + Level 2.3(1.9) Slings
 + Level 2.3(1.9) Bows
 + Level 2.3(1.9) Crossbows
 + Level 2.3(1.9) Throwing
 + Level 2.3(1.9) Armour
 + Level 5.2(4.7) Dodging
 + Level 4.8(4.3) Stealth
 + Level 2.3(1.9) Shields
 + Level 2.3(1.9) Unarmed Combat
 + Level 5.5(5.0) Spellcasting
 + Level 1.9(1.5) Conjurations
 + Level 1.9(1.5) Hexes
 + Level 1.9(1.5) Charms
 + Level 1.9(1.5) Summonings
 + Level 7.4(6.9) Necromancy
 + Level 1.9(1.5) Translocations
 + Level 1.9(1.5) Transmutations
 + Level 1.9(1.5) Fire Magic
 + Level 1.9(1.5) Ice Magic
 + Level 1.9(1.5) Air Magic
 + Level 1.9(1.5) Earth Magic
 + Level 1.9(1.5) Poison Magic
 + Level 2.6(2.1) Invocations
 + Level 2.3(1.9) Evocations


You had 9 spell levels left.
You knew the following spells:

 Your Spells              Type           Power        Failure   Level  Hunger
a - Pain                  Necr           ####         14%         1    None
c - Vampiric Draining     Necr           ####......   38%         3    ##.....
q - Animate Dead          Necr           N/A          80%         4    ####...

Your spell library contained the following spells:

 Spells                   Type           Power        Failure   Level  Hunger
 Animate Skeleton         Necr           N/A          14%         1    None
 Agony                    Necr           ####....     98%         5    ######.


Dungeon Overview and Level Annotations

Branches:
Dungeon (4/15)              Sewer (visited)
 Temple: D:4-7

Altars:
Vehumet


Innate Abilities, Weirdness & Mutations

Your experience applies equally to all skills.
You have very sharp teeth.
Your uncanny sense of smell can sniff out nearby items.


Message History

The spatial maelstrom hits you!
* * * LOW HITPOINT WARNING * * *
You blink.
A small abomination comes into view.
A white imp comes into view.
There is a gateway leading out of the Abyss here.
You strike the helpless white imp from behind!
You hit the white imp.
Lightning courses through the white imp!
You kill the white imp!
The crimson imp shouts!
The crimson imp blinks!
Unknown command.
You pass through the gate.
Welcome back to the Dungeon!
The orc wizard hits you but does no damage.
Space bends around you.
* * * LOW HITPOINT WARNING * * *
Unknown command.
Unknown command.
Aim: an orc wizard, wielding a +3 dagger of distortion and wearing a +0 robe You miscast Vampiric Draining.
You are very lightly contaminated with residual magic.
You feel horribly lethargic!
You feel drained.
* * * LOW HITPOINT WARNING * * *
The orc wizard mumbles some strange words.
The orc wizard blinks!
You block the orc wizard's attack.
Unknown command.
Unknown command.
The spell is quite dangerous to cast (38% risk of failure)!
Continue anyway? [Y]es or [N]o only, please.
The spell is quite dangerous to cast (38% risk of failure)!
Continue anyway?
Aim: an orc wizard, wielding a +3 dagger of distortion and wearing a +0 robe You miscast Vampiric Draining.
Nothing appears to happen.
You block the orc wizard's attack.
You miss the orc wizard.
The orc wizard mumbles some strange words.
The orc wizard flickers and vanishes!
Deactivating autopickup; reactivate with Ctrl-A.
You closely miss something. You bite something.
Something hits you but does no damage. Space bends around you.
* * * LOW HITPOINT WARNING * * *
Unknown command.
Unknown command.
You feel very mighty all of a sudden.
The orc wizard casts a spell.
The orc wizard blinks!
Something hits you.
You die...

................#
#######.......#.#
###...###.# #...#
#.#
#############.##
#.#
#........[[...#
#.#
........########
#.# ##.####{# #.#
#@# #.#
###.###### #.#
#.......... #..
#.#ยง#######
#.#.# #....
#..... #....##
#.#...


There were no monsters in sight!

Vanquished Creatures
  4 big kobolds (Sewer)
  A crimson imp (Abyss:2)
  An orc priest (D:3)
  Jessica (D:3)
  A worker ant (D:3)
  5 adders
  2 river rats (Sewer)
  A white imp (Abyss:2)
  An ufetubus (Abyss:2)
  An ooze (Sewer)
  4 worms
  A leopard gecko (D:1)
  6 orcs
  5 ball pythons (Sewer)
  6 bats
  4 giant cockroaches
  4 goblins
  A hobgoblin (D:3)
  6 jackals (D:3)
  11 kobolds
  6 frilled lizards
  13 rats
85 creatures vanquished.

Notes
Turn   | Place    | Note
-------+----------+-------------------------------------------
     0 | D:1      | vurker the Gnoll Necromancer began the quest for the Orb.
     0 | D:1      | Reached XP level 1. HP: 13/13 MP: 6/6
   467 | D:1      | Reached XP level 2. HP: 19/19 MP: 5/7
  1163 | D:2      | Found a faded altar of an unknown god.
  1349 | D:2      | Reached XP level 3. HP: 23/25 MP: 9/9
  1518 | D:2      | Reached skill level 5 in Spellcasting
  1945 | D:3      | Reached skill level 1 in Invocations
  2027 | D:3      | Noticed Jessica
  2028 | D:3      | Found a radiant altar of Vehumet.
  2033 | D:3      | Killed Jessica
  2033 | D:3      | Reached skill level 1 in Fighting
  2033 | D:3      | Reached skill level 1 in Short Blades
  2033 | D:3      | Reached skill level 1 in Long Blades
  2033 | D:3      | Reached skill level 1 in Axes
  2033 | D:3      | Reached skill level 1 in Maces & Flails
  2033 | D:3      | Reached skill level 1 in Polearms
  2033 | D:3      | Reached skill level 1 in Staves
  2033 | D:3      | Reached skill level 1 in Slings
  2033 | D:3      | Reached skill level 1 in Bows
  2033 | D:3      | Reached skill level 1 in Crossbows
  2033 | D:3      | Reached skill level 1 in Throwing
  2033 | D:3      | Reached skill level 1 in Armour
  2033 | D:3      | Reached skill level 1 in Shields
  2033 | D:3      | Reached skill level 1 in Unarmed Combat
  2033 | D:3      | Reached skill level 1 in Evocations
  2033 | D:3      | Reached XP level 4. HP: 32/32 MP: 11/11
  2195 | D:3      | Found a glowing drain.
  2199 | Sewer    | Entered a sewer
  2296 | Sewer    | Learned a level 3 spell: Vampiric Draining
  2301 | Sewer    | Learned a level 4 spell: Animate Dead
  2311 | Sewer    | Noticed a big kobold
  2321 | Sewer    | Killed a big kobold
  2321 | Sewer    | Reached skill level 1 in Conjurations
  2321 | Sewer    | Reached skill level 1 in Hexes
  2321 | Sewer    | Reached skill level 1 in Charms
  2321 | Sewer    | Reached skill level 1 in Summonings
  2321 | Sewer    | Reached skill level 1 in Translocations
  2321 | Sewer    | Reached skill level 1 in Transmutations
  2321 | Sewer    | Reached skill level 1 in Fire Magic
  2321 | Sewer    | Reached skill level 1 in Ice Magic
  2321 | Sewer    | Reached skill level 1 in Air Magic
  2321 | Sewer    | Reached skill level 1 in Earth Magic
  2321 | Sewer    | Reached skill level 1 in Poison Magic
  2321 | Sewer    | Reached XP level 5. HP: 35/37 MP: 12/12
  2365 | Sewer    | Noticed a big kobold
  2383 | Sewer    | Killed a big kobold
  2383 | Sewer    | Reached XP level 6. HP: 37/44 MP: 13/13
  3023 | Sewer    | Reached skill level 5 in Dodging
  3497 | D:3      | Reached XP level 7. HP: 50/50 MP: 15/15
  4478 | D:4      | Cast into level 1 of the Abyss (orc wizard)
  4499 | Abyss:1  | Noticed a demonic crawler
  4531 | Abyss:1  | Noticed a small abomination
  4549 | Abyss:1  | Found a shattered altar of Ashenzari.
  4631 | Abyss:2  | Noticed a tentacled starspawn
  4631 | Abyss:2  | Noticed a spatial maelstrom
  4655 | Abyss:2  | Noticed a worldbinder
  4659 | Abyss:2  | Noticed a troll
  4669 | Abyss:2  | Noticed a troll
  4670 | Abyss:2  | Noticed a large abomination
  4671 | Abyss:2  | Noticed a freezing wraith
  4671 | Abyss:2  | Noticed a freezing wraith
  4673 | Abyss:2  | Noticed a death knight
  4673 | Abyss:2  | Noticed a wraith
  4685 | Abyss:2  | Noticed a ynoxinul
  4691 | Abyss:2  | Noticed a chaos spawn
  4703 | Abyss:2  | Noticed a raiju
  4718 | Abyss:2  | Noticed a spatial vortex
  4723 | Abyss:2  | Noticed a spatial vortex
  4767 | Abyss:2  | Noticed a spatial maelstrom
  4770 | Abyss:2  | Noticed a starcursed mass
  4772 | D:4      | Escaped the Abyss
  4777 | D:4      | HP: 2/51 [something (2)]
  4778 | D:4      | Slain by an orc wizard

Illustrated notes

Levels and vault maps discovered:
D:1:      minmay_arrival_widening_spiral_wide, layout_loops_cross,
          minmay_tetromino_o2
D:2:      layout_loops_ring, chequers_ecumenical_altar_simple
D:3:      layout_basic, fiery_altar_vehumet, gup_sewer_entry_bowl, first_ration,
          small_statue_intersection, uniq_jessica
D:4:      layout_loops_ring, kiku_gazebo_garden_becter, serial_shops, shop,
          uniq_eustachio

Skill      XL: |  1  2  3  4  5  6 |
---------------+-------------------+-----
Spellcasting   | 5 |  5.5
Invocations    | 1 2 |  2.6
Fighting       | 1 2 |  2.3
Short Blades   | 1 2 |  2.3
Long Blades    | 1 2 |  2.3
Axes           | 1 2 |  2.3
Maces & Flails | 1 2 |  2.3
Polearms       | 1 2 |  2.3
Staves         | 1 2 |  2.3
Slings         | 1 2 |  2.3
Bows           | 1 2 |  2.3
Crossbows      | 1 2 |  2.3
Throwing       | 1 2 |  2.3
Armour         | 1 2 |  2.3
Shields        | 1 2 |  2.3
Unarmed Combat | 1 2 |  2.3
Evocations     | 1 2 |  2.3
Conjurations   | 1 |  1.9
Hexes          | 1 |  1.9
Charms         | 1 |  1.9
Summonings     | 1 |  1.9
Translocations | 1 |  1.9
Transmutations | 1 |  1.9
Fire Magic     | 1 |  1.9
Ice Magic      | 1 |  1.9
Air Magic      | 1 |  1.9
Earth Magic    | 1 |  1.9
Poison Magic   | 1 |  1.9
Dodging        | 5 |  5.2
Stealth        | |  4.8
Necromancy     | |  7.4

Action                   |  1- 3 |  4- 6 |  7- 9 || total
-------------------------+-------+-------+-------++-------
Melee: Unarmed           |     1 |       |       ||     1
       Mace              |    35 |    93 |       ||   128
       Bite              |     1 |     5 |     6 ||    12
       Whip              |       |    25 |    69 ||    94
       Punch             |       |     1 |       ||     1
 Cast: Pain              |    22 |       |     9 ||    31
       Vampiric Draining |       |    11 |     4 ||    15
  Use: Scroll            |    10 |       |     2 ||    12
       Potion            |       |       |     1 ||     1
 Stab: Sleeping          |     2 |     4 |       ||     6
       Distracted        |       |     1 |     1 ||     2
  Eat: Chunk             |     3 |     6 |     3 ||    12
       Ration            |       |       |     1 ||     1
Armor: Robe              |     8 |    10 |     6 ||    24
Dodge: Dodged            |    43 |    99 |    31 ||   173
Block: Tower shield      |       |       |    37 ||    37

Table legend:
 A = Non-vault XP
 B = Vault XP
 C = Vault XP percentage of total XP
 D = Non-vault monster count
 E = Vault monster count
 F = Vault count percentage of total count
                 A         B        C        D         E       F
            +---------+---------+-------+---------+---------+-------
      Total |     201 |     587 |  74.5 |      48 |      37 |  43.5
            +---------+---------+-------+---------+---------+-------
        D:1 |      20 |       4 |  16.7 |      13 |       2 |  13.3
        D:2 |      27 |       0 |   0.0 |       8 |       0 |   0.0
        D:3 |     125 |      46 |  26.9 |      22 |       5 |  18.5
        D:4 |      21 |       0 |   0.0 |       4 |       0 |   0.0
    Abyss:2 |       8 |      60 |  88.2 |       1 |       2 |  66.7
      Sewer |       0 |     477 | 100.0 |       0 |      28 | 100.0
            +---------+---------+-------+---------+---------+-------
